 Dungeon Crawl Stone Soup version 0.29.1-15-g9cfb28693d (webtiles) character file.

Game seed: 15408563548997318190

315 cdecastro the Cleaver (level 6, -8/51 HPs)
             Began as a Hill Orc Fighter on Apr 5, 2023.
             Was a Follower of Beogh.
             Mangled by Prince Ribbit (11 damage)
             ... on level 5 of the Dungeon on Apr 6, 2023.
             The game lasted 00:06:07 (4136 turns).

cdecastro the Cleaver (Hill Orc Fighter)            Turns: 4136, Time: 00:06:08

Health: -8/51      AC:  6    Str: 21    XL:     6   Next: 43%
Magic:  6/6        EV:  9    Int:  8    God:    Beogh [*.....]
Gold:   88         SH:  0    Dex: 10    Spells: 5/5 levels left

rFire   . . .      SeeInvis .   a - +0 war axe
rCold   . . .      Faith    .   (no shield)
rNeg    . . .      Spirit   .   b - +0 scale mail
rPois   .          Reflect  .   (no helmet)
rElec   .          Harm     .   (no cloak)
rCorr   .          Rampage  .   (no gloves)
Will    .....                   (no boots)
Stlth   ..........              (no amulet)
HPRegen 0.17/turn               (no ring)
MPRegen 0.10/turn               (no ring)

@: no status effects
A: no striking features
a: Renounce Religion


You were on level 5 of the Dungeon.
You worshipped Beogh.
Beogh was aware of your devotion.
You visited 1 branch of the dungeon, and saw 5 of its levels.

You collected 208 gold pieces.
You spent 120 gold pieces at shops.

Inventory:

Hand Weapons
 a - a +0 war axe (weapon)
 v - a +1 flail of protection
Missiles
 j - 10 poisoned darts (quivered)
 w - 3 boomerangs
Armour
 b - a +0 scale mail (worn)
 c - a +0 buckler
 f - a +0 cloak
Jewellery
 x - a ring of flight
Scrolls
 e - a scroll of magic mapping {unknown}
 l - 4 scrolls of identify
 m - 2 scrolls of immolation {unknown}
 n - a scroll of amnesia {unknown}
 q - 2 scrolls of poison {unknown}
 r - 2 scrolls of teleportation
 s - a scroll of fear
 t - a scroll of noise
 u - a scroll of torment {unknown}
 y - a scroll of butterflies {unknown}
Potions
 d - a potion of might
 g - 6 potions of attraction {unknown}
 h - 2 potions of brilliance {unknown}
 i - 2 potions of curing {unknown}
 k - 2 potions of haste {unknown}
 o - a potion of flight {unknown}
 p - a potion of degeneration {unknown}


   Skills:
 - Level 3.6 Fighting
 + Level 8.7 Axes
 - Level 3.2 Armour
 - Level 3.2 Shields


You had 5 spell levels left.
You didn't know any spells.
Your spell library contained the following spells:

 Spells                   Type           Power      Damage    Failure   Level
 Slow                     Hex            0%         N/A       75%         1
 Confusing Touch          Hex            0%         N/A       98%         3
 Vampiric Draining        Necr           0%         2d6       98%         3
 Petrify                  Tmut/Erth      0%         N/A       100%        4
 Metabolic Englaciation   Hex/Ice        0%         N/A       100%        5
 Statue Form              Tmut/Erth      0%         N/A       100%        6


Dungeon Overview and Level Annotations

Branches:
Dungeon (5/15)
 Temple: D:4-7

Altars:
Fedhas
Ru

Shops:
D:3 ?

Annotations:
D:4 orc warrior
D:5 Prince Ribbit


Message History

You barely miss Prince Ribbit. Prince Ribbit hits you!
Prince Ribbit hits you but does no damage.
You slash Prince Ribbit!
Prince Ribbit is moderately wounded.
Prince Ribbit croaks regally.
Prince Ribbit closely misses you.
You miss Prince Ribbit.
Prince Ribbit is moderately wounded.
Prince Ribbit hits you!
* * * LOW HITPOINT WARNING * * *
Prince Ribbit hits you but does no damage.
You hit Prince Ribbit.
Prince Ribbit is moderately wounded.
Prince Ribbit closely misses you.
You miss Prince Ribbit.
Prince Ribbit is moderately wounded.
Prince Ribbit misses you. Prince Ribbit hits you!
* * * LOW HITPOINT WARNING * * *
You hit Prince Ribbit.
Prince Ribbit is heavily wounded.
Prince Ribbit barely misses you.
You miss Prince Ribbit.
Prince Ribbit is heavily wounded.
Prince Ribbit completely misses you. Prince Ribbit hits you.
* * * LOW HITPOINT WARNING * * *
You miss Prince Ribbit.
Prince Ribbit is heavily wounded.
Prince Ribbit hits you but does no damage.
Okay, then.
Unknown command.
You closely miss Prince Ribbit.
Prince Ribbit is heavily wounded.
Prince Ribbit completely misses you. Prince Ribbit closely misses you.
You hit Prince Ribbit.
Prince Ribbit is severely wounded.
Prince Ribbit barely misses you.
You barely miss Prince Ribbit.
Prince Ribbit is severely wounded.
Prince Ribbit hits you!
You die...

##########
#...<....#
#........#
#.@F.....#
#........#
#........#
#.........
######.##.
... #.# ..


You could see Prince Ribbit.

Vanquished Creatures
  A necrophage (D:4)
  An orc priest (D:4)
  A hound (D:4)
  A gnoll bouda (D:4)
  An iguana (D:4)
  An orc wizard (D:3)
  2 adders
  A worm (D:2)
  2 dart slugs
  10 orcs
  6 endoplasms
  4 giant cockroaches
  13 goblins
  7 hobgoblins
  2 jackals (D:4)
  2 quokkas
  7 ball pythons
  5 bats
  5 frilled lizards
  3 kobolds
  4 rats
79 creatures vanquished.

Vanquished Creatures (others)
  A rat (D:3)
1 creature vanquished.

Grand Total: 80 creatures vanquished

Notes
Turn   | Place    | Note
-------+----------+-------------------------------------------
     0 | D:1      | cdecastro the Hill Orc Fighter began the quest for the Orb.
     0 | D:1      | Reached XP level 1. HP: 19/19 MP: 1/1
    23 | D:1      | Reached skill level 3 in Axes
   175 | D:1      | Reached XP level 2. HP: 26/26 MP: 2/2
   364 | D:1      | Reached skill level 4 in Axes
   738 | D:1      | Reached XP level 3. HP: 31/31 MP: 3/3
   751 | D:1      | Found a faded altar of an unknown god.
  1543 | D:2      | Reached skill level 5 in Axes
  1545 | D:2      | Found a blossoming altar of Fedhas.
  1882 | D:2      | Reached XP level 4. HP: 39/39 MP: 4/4
  2443 | D:3      | Reached skill level 6 in Axes
  2447 | D:3      | Became a worshipper of Beogh the Brigand
  2538 | D:3      | Found Enlel's Magic Scroll Emporium.
  2568 | D:3      | Bought a scroll of teleportation for 36 gold pieces
  2568 | D:3      | Bought a scroll of identify for 24 gold pieces
  2568 | D:3      | Bought a scroll of fear for 48 gold pieces
  2568 | D:3      | Bought a scroll of noise for 12 gold pieces
  2805 | D:3      | Found a sacrificial altar of Ru.
  3100 | D:4      | Reached XP level 5. HP: 37/45 MP: 5/5
  3169 | D:4      | Reached skill level 7 in Axes
  3386 | D:4      | Reached skill level 8 in Axes
  3386 | D:4      | Reached XP level 6. HP: 47/51 MP: 6/6
  3689 | D:4      | Reached * piety under Beogh
  3716 | D:4      | Noticed an orc warrior
  4122 | D:5      | Entered Level 5 of the Dungeon
  4122 | D:5      | Noticed Prince Ribbit
  4132 | D:5      | HP: 2/51 [Prince Ribbit (4)]
  4136 | D:5      | Mangled by Prince Ribbit

Illustrated notes

Levels and vault maps discovered:
D:1:      psy_arrival_fountain, layout_basic, basic_ecumenical_altar,
          wad_woods_river_04
D:2:      layout_loops_ring, basic_altar
D:3:      layout_loops_ring, nicolae_ru_great_annihilating_truth, serial_shops,
          nicolae_shop_hallway_plus
D:4:      layout_basic
D:5:      layout_rooms, zin_treasury, minmay_temple_entry_hall,
          serial_corexii_hall, corexii_hall_statues_u,
          chequers_hall_statues_wall_a, nicolae_shop_sticking_my_neck_out,
          uniq_prince_ribbit1, uniq_sigmund

Skill      XL: |  1  2  3  4  5 |
---------------+----------------+-----
Axes           | 3 4 5 6 8 |  8.7
Fighting       | |  3.6
Armour         | |  3.2
Shields        | |  3.2

Action                   |  1- 3 |  4- 6 || total
-------------------------+-------+-------++-------
Melee: War axe           |   101 |   134 ||   235
Invok: Convert to Beogh  |       |     1 ||     1
 Stab: Paralysed         |       |     1 ||     1
Armor: Scale mail        |    45 |    48 ||    93
Dodge: Dodged            |    51 |    69 ||   120
